cohdb
Replays
Latest Replays
All Replays
Popular Replays
Top Player Replays
Match Explorer
How It Works
Community
CoH3 Stats
Reddit
Sign in to upload your games and track your stats! →
Sign in with Steam
Match 43585562
Unlisted
Match 43585562
Overview
Messages
Build Orders
End
Kettenkrad Recon Vehicle
Pioneer Squad
Construct Infanterie Kompanie
MG 42 Machine Gun Team
Grenadier Squad
Construct Panzergrenadier Kompanie
Panzergrenadier Squad
Medical Bunker
Selects Terror Battlegroup
Selects Machine Gun Camouflage
251 Medium Carrier
Pak 40 Anti-tank Gun Team
Panzergrenadier Squad
Selects Defend the Fatherland
Construct Panzer Kompanie
Stoßtruppen Squad
MG 42 Bunker
Sturmpanzer IV Brummbär
Selects King Tiger Heavy Tank
MG 42 Bunker
Selects Contempt for the Weak
Selects Propaganda Leaflet Drop
King Tiger Heavy Tank
Selects V1 Rocket Strike
MG 42 Machine Gun Team
Stoßtruppen Squad
Pak 40 Anti-tank Gun Team
PINOCHET
Golden
ConcernedApe
badiba
0
0
Comments
sign in to comment!
No comments posted yet!